TOP OF THE 1ST |
Scottsdale Scorpions batting - Pitching for Montgomery Grey Sox : LHP Marcos Bautista
|
Pitching: LHP Marcos Bautista
|
|
Batting: RHB Luis Ibarra
|
0-0: Ball 1-0: Foul Ball, location: 2F 1-1: Fly out, F8 (Flyball, 8LM)
|
Batting: SHB Douglas Taylor
|
0-0: Ball 1-0: Ball 2-0: Called Strike 2-1: Foul Ball, location: 2F 2-2: Ball 3-2: SINGLE (Line Drive, 6M)
|
Batting: RHB Edgardo Gonzáles
|
0-0: Ball 1-0: DOUBLE (Line Drive, 89S) Douglas Taylor to third
|
Batting: RHB Javier Rentería
|
0-0: Ball 1-0: Swinging Strike 1-1: Ball 2-1: Called Strike 2-2: Foul Ball, location: 2F 2-2: Ground out 5-3 (Groundball, 56) Douglas Taylor scores
|
Batting: RHB Gary Thomas
|
0-0: SINGLE (Line Drive, 56D) Edgardo Gonzáles to third Runner from 3rd tries for Home, SAFE, no throw or cutoff
|
Batting: RHB Ricardo Gutiérrez
|
0-0: Fly out, F7 (Flyball, 7M)
|
Top of the 1st over - 2 run(s), 3 hit(s), 0 error(s), 1 left on base; Scottsdale 2 - Montgomery 0 |
BOTTOM OF THE 1ST |
Montgomery Grey Sox batting - Pitching for Scottsdale Scorpions : LHP Dave Smeddon
|
Pitching: LHP Dave Smeddon
|
|
Batting: RHB Frederick Curtis
|
0-0: Called Strike 0-1: SINGLE (Line Drive, 6MD)
|
Batting: LHB Alberto Santos
|
0-0: Ball 1-0: Called Strike 1-1: Called Strike 1-2: Ball 2-2: Fly out, F8 (Flyball, 8LM)
|
Batting: RHB Joe Courtier
|
0-0: Fly out, F4 (Line Drive, 4)
|
Batting: LHB José Hernández
|
0-0: Ball 1-0: Foul Ball, location: 2F 1-1: Ground out 4-3 (Groundball, 4S)
|
Bottom of the 1st over - 0 run(s), 1 hit(s), 0 error(s), 1 left on base; Scottsdale 2 - Montgomery 0 |
TOP OF THE 2ND |
Scottsdale Scorpions batting - Pitching for Montgomery Grey Sox : LHP Marcos Bautista
|
Batting: RHB Jared Thompson
|
0-0: Called Strike 0-1: Foul Ball, location: 2F 0-2: Strikes out swinging
|
Batting: RHB David Suarze
|
0-0: Ball 1-0: Called Strike 1-1: Ball 2-1: SINGLE (Line Drive, 7LM)
|
Batting: RHB Cristián Román
|
0-0: Called Strike Throwing error on steal attempt, E2 David Suarze to third 0-1: Ground out 4-3 (Groundball, 4) David Suarze scores
|
Batting: RHB Luis Ibarra
|
0-0: Ball 1-0: Ball 2-0: SINGLE (Groundball, 56D)
|
Batting: SHB Douglas Taylor
|
0-0: Ball 1-0: Ball 2-0: Fly out, F2 (Popup, 2RF)
|
Top of the 2nd over - 1 run(s), 2 hit(s), 1 error(s), 1 left on base; Scottsdale 3 - Montgomery 0 |
BOTTOM OF THE 2ND |
Montgomery Grey Sox batting - Pitching for Scottsdale Scorpions : LHP Dave Smeddon
|
Batting: RHB Dean Bailey
|
0-0: Ground out 5-3 (Groundball, 5)
|
Batting: SHB Hoyt Norris
|
0-0: Called Strike 0-1: Called Strike 0-2: Ball 1-2: Strikes out swinging
|
Batting: RHB José Montoya
|
0-0: Called Strike 0-1: Called Strike 0-2: Ball 1-2: Foul Ball, location: 2F 1-2: Ball 2-2: Fly out, F6 (Popup, 6D)
|
Bottom of the 2nd over - 0 run(s), 0 hit(s), 0 error(s), 0 left on base; Scottsdale 3 - Montgomery 0 |
TOP OF THE 3RD |
Scottsdale Scorpions batting - Pitching for Montgomery Grey Sox : LHP Marcos Bautista
|
Batting: RHB Edgardo Gonzáles
|
0-0: Ball 1-0: Swinging Strike 1-1: Called Strike 1-2: Fly out, F9 (Flyball, 89M)
|
Batting: RHB Javier Rentería
|
0-0: Ball 1-0: Called Strike 1-1: Ball 2-1: Ball 3-1: Base on Balls
|
Batting: RHB Gary Thomas
|
0-0: Ball 1-0: Foul Ball, location: 2F 1-1: Ball 2-1: Foul Ball, location: 2F 2-2: Ball 3-2: SINGLE (Line Drive, 6MD) Javier Rentería to second Javier Rentería to third
|
Batting: RHB Ricardo Gutiérrez
|
0-0: Called Strike 0-1: Foul Ball, location: 2F 0-2: Ball 1-2: DOUBLE (Flyball, 9M) Javier Rentería scores Gary Thomas to third
|
Batting: RHB Jared Thompson
|
0-0: Ball 1-0: Ball 2-0: Fly out, F6 (Popup, 6)
|
Batting: RHB David Suarze
|
0-0: Ball 1-0: Swinging Strike 1-1: Swinging Strike 1-2: Ball 2-2: Foul Ball, location: 2F 2-2: Ball 3-2: Strikes out swinging
|
Top of the 3rd over - 1 run(s), 2 hit(s), 0 error(s), 2 left on base; Scottsdale 4 - Montgomery 0 |
BOTTOM OF THE 3RD |
Montgomery Grey Sox batting - Pitching for Scottsdale Scorpions : LHP Dave Smeddon
|
Batting: RHB Sergio Gonzáles
|
0-0: Ball 1-0: Ground out 1-3 (Groundball, 25)
|
Batting: RHB Bryant von Bohlen
|
0-0: Swinging Strike 0-1: Called Strike 0-2: Strikes out swinging
|
Batting: RHB Frederick Curtis
|
0-0: Ball 1-0: Called Strike 1-1: Foul Ball, location: 2F 1-2: Ball 2-2: Strikes out looking
|
Bottom of the 3rd over - 0 run(s), 0 hit(s), 0 error(s), 0 left on base; Scottsdale 4 - Montgomery 0 |
TOP OF THE 4TH |
Scottsdale Scorpions batting - Pitching for Montgomery Grey Sox : LHP Marcos Bautista
|
Batting: RHB Cristián Román
|
0-0: Fly out, F9 (Flyball, 9M)
|
Batting: RHB Luis Ibarra
|
0-0: Foul Ball, location: 2F 0-1: Fly out, F9 (Flyball, 3DF)
|
Batting: SHB Douglas Taylor
|
0-0: Swinging Strike 0-1: Ball 1-1: Ball 2-1: Ball 3-1: SINGLE (Line Drive, 8LS)
|
Batting: RHB Edgardo Gonzáles
|
0-0: Ball 1-0: Called Strike 1-1: Ball 2-1: Fly out, F8 (Flyball, 8LM)
|
Top of the 4th over - 0 run(s), 1 hit(s), 0 error(s), 1 left on base; Scottsdale 4 - Montgomery 0 |
BOTTOM OF THE 4TH |
Montgomery Grey Sox batting - Pitching for Scottsdale Scorpions : LHP Dave Smeddon
|
Batting: LHB Alberto Santos
|
0-0: Ball 1-0: Fly out, F9 (Flyball, 9LM)
|
Batting: RHB Joe Courtier
|
0-0: Called Strike 0-1: Ball 1-1: Called Strike 1-2: Strikes out swinging
|
Batting: LHB José Hernández
|
0-0: Ball 1-0: Ball 2-0: Ball 3-0: Called Strike 3-1: SINGLE (Line Drive, 8RS)
|
Batting: RHB Dean Bailey
|
0-0: Called Strike 0-1: Ball 1-1: Foul Ball, location: 2F 1-2: Fly out, F8 (Flyball, 8RM)
|
Bottom of the 4th over - 0 run(s), 1 hit(s), 0 error(s), 1 left on base; Scottsdale 4 - Montgomery 0 |
TOP OF THE 5TH |
Scottsdale Scorpions batting - Pitching for Montgomery Grey Sox : LHP Marcos Bautista
|
Batting: RHB Javier Rentería
|
0-0: Ball 1-0: Ball 2-0: Called Strike 2-1: Foul Ball, location: 2F 2-2: Strikes out looking
|
Batting: RHB Gary Thomas
|
0-0: Called Strike 0-1: Ball 1-1: Ball 2-1: Ball 3-1: Swinging Strike 3-2: Base on Balls
|
Pitching: LHP Wilson Romero
|
|
Batting: RHB Ricardo Gutiérrez
|
0-0: Swinging Strike 0-1: Foul Ball, location: 2F 0-2: Fly out, F8 (Flyball, 8RM)
|
Batting: RHB Jared Thompson
|
0-0: Foul Ball, location: 2F 0-1: Ball 1-1: Foul Ball, location: 2F 1-2: Strikes out swinging
|
Top of the 5th over - 0 run(s), 0 hit(s), 0 error(s), 1 left on base; Scottsdale 4 - Montgomery 0 |
BOTTOM OF THE 5TH |
Montgomery Grey Sox batting - Pitching for Scottsdale Scorpions : LHP Dave Smeddon
|
Batting: SHB Hoyt Norris
|
0-0: Swinging Strike 0-1: Called Strike 0-2: Ball 1-2: Strikes out swinging
|
Batting: RHB José Montoya
|
0-0: Ball 1-0: Swinging Strike 1-1: Foul Ball, location: 2F 1-2: Ball 2-2: Ball 3-2: Foul Ball, location: 2F 3-2: Strikes out swinging
|
Batting: RHB Sergio Gonzáles
|
0-0: Called Strike 0-1: Ball 1-1: Fly out, F9 (Flyball, 89M)
|
Bottom of the 5th over - 0 run(s), 0 hit(s), 0 error(s), 0 left on base; Scottsdale 4 - Montgomery 0 |
TOP OF THE 6TH |
Scottsdale Scorpions batting - Pitching for Montgomery Grey Sox : LHP Wilson Romero
|
Batting: RHB David Suarze
|
0-0: Foul Ball, location: 2F 0-1: SINGLE (Line Drive, 6MD)
|
Batting: RHB Cristián Román
|
0-0: Called Strike 0-1: Ball 1-1: Foul Ball, location: 2F 1-2: Strikes out swinging
|
Batting: RHB Luis Ibarra
|
0-0: Called Strike 0-1: Ball 1-1: Foul Ball, location: 2F 1-2: Ball 2-2: Foul Ball, location: 2F 2-2: Foul Ball, location: 2F 2-2: Ball 3-2: Foul Ball, location: 2F 3-2: Strikes out swinging
|
Batting: SHB Douglas Taylor
|
0-0: Called Strike 0-1: Called Strike 0-2: Ball 1-2: Strikes out swinging
|
Top of the 6th over - 0 run(s), 1 hit(s), 0 error(s), 1 left on base; Scottsdale 4 - Montgomery 0 |
BOTTOM OF THE 6TH |
Montgomery Grey Sox batting - Pitching for Scottsdale Scorpions : LHP Dave Smeddon
|
Batting: RHB Bryant von Bohlen
|
0-0: SINGLE (Line Drive, 89S)
|
Batting: RHB Frederick Curtis
|
0-0: Foul Ball, location: 2F 0-1: Ball 1-1: Ball 2-1: Fly out, F8 (Line Drive, 8RS)
|
Batting: LHB Alberto Santos
|
0-0: Called Strike 0-1: Called Strike 0-2: Ball 1-2: Ball 2-2: Strikes out swinging
|
Batting: RHB Joe Courtier
|
0-0: Ball 1-0: Ball 2-0: SINGLE (Line Drive, 34) Bryant von Bohlen to second
|
Batting: LHB José Hernández
|
0-0: Ball 1-0: Ground out 4-3 (Groundball, 4)
|
Bottom of the 6th over - 0 run(s), 2 hit(s), 0 error(s), 2 left on base; Scottsdale 4 - Montgomery 0 |
TOP OF THE 7TH |
Scottsdale Scorpions batting - Pitching for Montgomery Grey Sox : LHP Wilson Romero
|
Batting: RHB Edgardo Gonzáles
|
0-0: Called Strike 0-1: Swinging Strike 0-2: Foul Ball, location: 2F 0-2: Ball 1-2: Foul Ball, location: 2F 1-2: Fly out, F7 (Flyball, 7M)
|
Pitching: RHP Steven Browne
|
|
Batting: RHB Javier Rentería
|
0-0: Called Strike 0-1: Ball 1-1: Ball 2-1: Foul Ball, location: 2F 2-2: SINGLE (Line Drive, 7S)
|
Batting: RHB Gary Thomas
|
0-0: Ball 1-0: Ball Wild Pitch! Javier Rentería to second 2-0: Ball 3-0: Base on Balls
|
Batting: RHB Ricardo Gutiérrez
|
0-0: Foul Ball, location: 2F 0-1: Swinging Strike 0-2: Fly out, F7 (Flyball, 7M)
|
Batting: RHB Jared Thompson
|
0-0: Swinging Strike 0-1: Swinging Strike 0-2: Ball 1-2: Ball Wild Pitch! Javier Rentería to third Gary Thomas to second 2-2: Fly out, F3 (Popup, 13)
|
Top of the 7th over - 0 run(s), 1 hit(s), 0 error(s), 2 left on base; Scottsdale 4 - Montgomery 0 |
BOTTOM OF THE 7TH |
Montgomery Grey Sox batting - Pitching for Scottsdale Scorpions : LHP Dave Smeddon
|
Batting: RHB Dean Bailey
|
0-0: Ball 1-0: Swinging Strike 1-1: Called Strike 1-2: Strikes out swinging
|
Batting: SHB Hoyt Norris
|
0-0: Ball 1-0: Called Strike 1-1: Swinging Strike 1-2: Strikes out swinging
|
Batting: RHB José Montoya
|
0-0: Ball 1-0: Ball 2-0: Foul Ball, location: 2F 2-1: Foul Ball, location: 2F 2-2: Ball 3-2: Foul Ball, location: 2F 3-2: Strikes out swinging
|
Bottom of the 7th over - 0 run(s), 0 hit(s), 0 error(s), 0 left on base; Scottsdale 4 - Montgomery 0 |
TOP OF THE 8TH |
Scottsdale Scorpions batting - Pitching for Montgomery Grey Sox : RHP Steven Browne
|
Batting: RHB David Suarze
|
0-0: Ball 1-0: Called Strike 1-1: Called Strike 1-2: Ball 2-2: Foul Ball, location: 2F 2-2: Foul Ball, location: 2F 2-2: Ball 3-2: Strikes out swinging
|
Batting: RHB Cristián Román
|
0-0: Called Strike 0-1: Called Strike 0-2: SINGLE (Line Drive, 7S)
|
Batting: RHB Luis Ibarra
|
0-0: Ball 1-0: Called Strike 1-1: Foul Ball, location: 2F 1-2: Fly out, F8 (Flyball, 8RD)
|
Batting: SHB Douglas Taylor
|
0-0: Foul Ball, location: 2F 0-1: Fly out, F7 (Flyball, 7LM)
|
Top of the 8th over - 0 run(s), 1 hit(s), 0 error(s), 1 left on base; Scottsdale 4 - Montgomery 0 |
BOTTOM OF THE 8TH |
Montgomery Grey Sox batting - Pitching for Scottsdale Scorpions : LHP Dave Smeddon
|
Pitching: RHP Frank Martin
|
|
Batting: RHB Sergio Gonzáles
|
0-0: Called Strike 0-1: Swinging Strike 0-2: Ball 1-2: Foul Ball, location: 2F 1-2: Foul Ball, location: 2F 1-2: Strikes out swinging
|
Batting: RHB Bryant von Bohlen
|
0-0: Ball 1-0: Ball 2-0: Foul Ball, location: 2F 2-1: Called Strike 2-2: Ball 3-2: SINGLE (Groundball, 56)
|
Batting: RHB Frederick Curtis
|
0-0: Ball 1-0: Foul Ball, location: 2F 1-1: Ball 2-1: Swinging Strike 2-2: Ball 3-2: Grounds into double play, U6-3 (Groundball, 6)
|
Bottom of the 8th over - 0 run(s), 1 hit(s), 0 error(s), 0 left on base; Scottsdale 4 - Montgomery 0 |
TOP OF THE 9TH |
Scottsdale Scorpions batting - Pitching for Montgomery Grey Sox : RHP Steven Browne
|
Batting: RHB Edgardo Gonzáles
|
0-0: Ball 1-0: Called Strike 1-1: Foul Ball, location: 2F 1-2: Strikes out swinging
|
Batting: RHB Javier Rentería
|
0-0: Ball 1-0: DOUBLE (Line Drive, 7LM)
|
Batting: RHB Gary Thomas
|
0-0: Fly out, F6 (Popup, 6MS)
|
Batting: RHB Ricardo Gutiérrez
|
0-0: Swinging Strike 0-1: Called Strike 0-2: Strikes out swinging
|
Top of the 9th over - 0 run(s), 1 hit(s), 0 error(s), 1 left on base; Scottsdale 4 - Montgomery 0 |
BOTTOM OF THE 9TH |
Montgomery Grey Sox batting - Pitching for Scottsdale Scorpions : RHP Frank Martin
|
Batting: LHB Alberto Santos
|
0-0: SINGLE (Line Drive, 34D)
|
Batting: RHB Joe Courtier
|
0-0: Called Strike 0-1: Grounds into double play, 4-6-3 (Groundball, 4M)
|
Batting: LHB José Hernández
|
0-0: Foul Ball, location: 2F 0-1: Swinging Strike 0-2: Ball 1-2: Foul Ball, location: 2F 1-2: Ball 2-2: Ground out 4-3 (Groundball, 4M)
|
Bottom of the 9th over - 0 run(s), 1 hit(s), 0 error(s), 0 left on base; Scottsdale 4 - Montgomery 0 |
|